 Dungeon Crawl Stone Soup version 0.15.1-1-gfacfea3 (webtiles) character file.

219 CrazyArbalest the Sneak (level 5, -9/25 HPs)
             Began as a Spriggan Enchanter on Sept 21, 2014.
             Killed by divine providence
             ... invoked by an orc priest
              (11 damage)
             ... on Level 4 of the Dungeon.
             The game lasted 00:11:39 (2447 turns).

CrazyArbalest the Sneak (Spriggan Enchanter)        Turns: 2447, Time: 00:11:40

HP  -9/25        AC  4     Str  5      XL: 5   Next: 64%
MP   0/16        EV 21     Int 16      God:
Gold 145         SH  0     Dex 17      Spells:  4 memorised,  2 levels left

rFire  . . .     SeeInvis +     c - +0 cutlass
rCold  . . .     Clarity  .     b - +1 robe
rNeg   . . .     rCorr    .     (shield restricted)
rPois  .         rRot     .     (helmet restricted)
rElec  .         Spirit   +     q - +0 cloak
SustAb .         Warding  .     (gloves unavailable)
rMut   .         Stasis   .     (boots unavailable)
Gourm  .                        i - amulet of guardian spirit
MR     .....                    (no ring)
                                o - ring of flight

@: very slightly contaminated, very quick, not resistant to hostile
enchantments, stealthy
A: unfitting armour, see invisible, herbivore 3, speed 3, slow metabolism 2
a: Evoke Flight


You were on level 4 of the Dungeon.
You were not hungry.

You visited 1 branch of the dungeon, and saw 4 of its levels.

You collected 145 gold pieces.

Inventory:

Hand weapons
 a - a +1 dagger
 c - a +0 cutlass (weapon)
Missiles
 s - 43 bolts
 u - a throwing net (quivered)
Armour
 b - a +1 robe (worn)
 q - a +0 cloak (worn)
Comestibles
 h - 2 bread rations
 z - a royal jelly
Scrolls
 e - 3 scrolls of identify {unknown}
 j - a scroll of teleportation {unknown}
 k - 2 scrolls of enchant weapon {unknown}
 l - 4 scrolls of remove curse {unknown}
 p - a scroll of recharging {unknown}
 v - a scroll of immolation {unknown}
Jewellery
 i - an amulet of guardian spirit (around neck)
 o - a ring of flight (left hand)
Potions
 d - a potion of porridge
 f - a potion of degeneration {unknown}
 g - a potion of might {unknown}
 m - 2 potions of haste
 n - a potion of beneficial mutation {unknown}
 r - 2 potions of confusion {unknown}
 w - a potion of flight {unknown}
 x - a potion of heal wounds {unknown}
Books
 t - a book of Maledictions

   Spells                             Type                      Level
   *Corona                            Hexes                        1
   *Sure Blade                        Hexes/Charms                 2
   *Ensorcelled Hibernation           Hexes/Ice                    2
   *Confuse                           Hexes                        3
   Dazzling Spray                     Conjuration/Hexes            3
   Enslavement                        Hexes                        4


   Skills:
 + Level 1.1 Fighting
 + Level 2.1 Short Blades
 + Level 5.9 Dodging
 + Level 6.1 Stealth
 + Level 3.0 Spellcasting
 + Level 4.2 Hexes


You had 2 spell levels left.
You knew the following spells:

 Your Spells              Type           Power        Failure   Level  Hunger
a - Corona                Hex            ###....      3%          1    #......
b - Confuse               Hex            ###.....     12%         3    ###....
c - Sure Blade            Hex/Chrm       #.........   14%         2    ##.....
d - Ensorcelled Hibernat  Hex/Ice        #.....       14%         2    ##.....


Dungeon Overview and Level Annotations

Branches:
Dungeon (4/15)
 Temple: D:4-7

Altars:
Okawaru
Trog


Innate Abilities, Weirdness & Mutations

You are tiny and cannot use many weapons and most armour.
You have supernaturally acute eyesight.
You are a herbivore.
You cover ground extremely quickly.
You need consume almost no food.


Message History

The orc priest hits you but does no damage.
Casting: Corona
Confirm with . or Enter, or press ? or * to list all spells.
Aiming: Confuse
Press: ? - help, Shift-Dir - straight line, f - orc priest
Aim: an orc priest, wielding a falchion (heavily wounded)
You miscast Confuse.
You are very lightly contaminated with residual magic.
Your hands glow momentarily.
The orc priest calls down the wrath of Beogh upon you.
Pain shoots through your body!
* * * LOW HITPOINT WARNING * * *
Drink which item? (? for menu, Esc to quit)
Okay, then.
Unknown command.
You closely miss the orc priest.
The orc priest is heavily wounded.
The orc priest invokes the aid of Beogh against you.
Something smites you!
You die...

# ########.....#
.######### ##............#
.........###......#.....##
....................#####
....>....###.......##
.........####.....##
..............#.#.#
.........#......#.#
................@o##
.........####..###.#
.....#...# #.###..#
....<....# #.# #..#
.#.......# #..##.o#
#....##..# #......#
#....##.........#.# #.....
.........#.###
#...##..........#...######


You could see an orc priest.

Vanquished Creatures
  An orc priest (D:4)
  Jessica (D:3)
  An ogre skeleton (D:4)
  3 gnolls (D:3)
  8 adders
  A giant gecko (D:1)
  2 orcs (D:4)
  4 ball pythons
  2 giant cockroaches
  6 goblins
  9 hobgoblins
  4 kobolds
  3 quokkas (D:2)
  7 bats
  2 giant newts (D:2)
  2 jackals (D:1)
  8 rats
64 creatures vanquished.

Notes
Turn   | Place    | Note
--------------------------------------------------------------
     0 | D:1      | CrazyArbalest, the Spriggan Enchanter, began the quest for the Orb.
     0 | D:1      | Reached XP level 1. HP: 9/9 MP: 4/4
    60 | D:1      | Reached XP level 2. HP: 7/13 MP: 7/7
   745 | D:2      | Reached XP level 3. HP: 14/16 MP: 10/10
   809 | D:2      | Found an iron altar of Okawaru.
   930 | D:2      | Reached skill level 5 in Stealth
   933 | D:2      | Found a bloodstained altar of Trog.
   960 | D:2      | Reached XP level 4. HP: 12/21 MP: 9/13
  1695 | D:3      | Reached skill level 5 in Dodging
  1765 | D:3      | Noticed Jessica
  1839 | D:3      | Reached XP level 5. HP: 13/25 MP: 16/16
  2281 | D:3      | Killed Jessica
  2375 | D:4      | Learned a level 3 spell: Confuse
  2378 | D:4      | Learned a level 2 spell: Sure Blade
  2381 | D:4      | Learned a level 2 spell: Ensorcelled Hibernation
  2423 | D:4      | Reached skill level 1 in Fighting
  2439 | D:4      | Reached skill level 6 in Stealth
  2447 | D:4      | Killed from afar by an orc priest

Action                   |  1- 3 |  4- 6 || total
-------------------------+-------+-------++-------
Melee: Dagger            |   133 |    46 ||   179
       Cutlass           |       |   103 ||   103
 Cast: Corona            |       |     2 ||     2
  Use: Potion            |     2 |       ||     2
 Stab: Sleeping          |     9 |     8 ||    17
       Distracted        |       |     1 ||     1
